Map: Doraelus Hills

Players

JohnMcClane - Winner!

  • Race: Zerg Zerg
  • League: Silver

JackONeill - Winner!

  • Race: Zerg Zerg

Hindulaatti - Winner!

  • Race: Terran Terran
  • League: Diamond

machfertig

  • Race: Zerg Zerg
  • League: Gold

Azatoss

  • Race: Protoss Protoss
  • League: Platinum

eepsmann

  • Race: Terran Terran
  • League: Gold

VOD

Have the link to the VOD?

Description

Time

  • Played on: Jan. 18, 2016, 1:12 p.m.
  • Length: 13:01
Show
View Real Time Build Order
Export as new Build Order

JohnMcClane Zerg - Winner!

Build Orders: Pool First 

Get SALT Encoding   

  12  0:01  Drone  
  13  0:13  Drone  
  14  0:18  Extractor  
  14  0:20  Extractor  
  14  0:21  Drone  
  13  0:22  Drone  
  16  0:39  Spawning Pool  
  15  0:46  Extractor  
  15  0:49  Overlord  
  14  0:55  Drone, Extractor  
  15  1:26  Zergling x6  
  15  1:27  Queen  
  20  1:50  Hatchery  
  20  1:53  Metabolic Boost  
  19  2:19  Hatchery  
  19  2:20  Drone x2  
  20  2:39  Queen  
  22  2:49  Overlord  
  22  2:50  Overlord  
  22  3:17  Queen  
  24  3:24  Drone x6  
  30  3:50  Zergling x14  
  30  3:51  Zergling x6  
  40  4:04  Zergling x10, Extractor  
  44  4:27  Drone  
  44  4:28  Drone x5  
  44  4:29  Overlord  
  40  5:06  Zergling x12  
  40  5:07  Zergling x6  
  42  5:20  Baneling Nest  
  40  5:48  Zergling x36  
  54  6:05  Zergling x6  
  54  6:09  Lair  
  57  6:12  Spore Crawler  
  57  6:15  Drone, Spore Crawler  
  57  6:16  Spore Crawler, Overlord  
  57  6:17  Overlord  
  55  6:23  Overlord  
  29  6:47  Zergling x10  
  29  6:50  Drone  
  29  6:51  Drone x3  
  38  6:58  Zergling x6  
  41  7:12  Baneling x6  
  41  7:14  Baneling x4  
  41  7:19  Drone x3  
  44  7:35  Centrifical Hooks  
  44  7:37  Drone x5  
  49  7:45  Drone x2  
  49  7:46  Drone x2  
  52  8:04  Extractor  
  51  8:09  Overlord x2  
  51  8:10  Extractor  
  51  8:11  Extractor  
  49  8:15  Burrow, Baneling  
  49  8:16  Baneling x3  
  40  8:49  Zergling x26  
  52  8:59  Spine Crawler  
  52  9:02  Spine Crawler  
  47  9:15  Zergling x26  
  50  9:17  Zergling x6  
  50  9:18  Zergling x2  
  41  10:11  Evolution Chamber, Infestation Pit  
  39  10:14  Evolution Chamber  
  39  10:15  Queen  
  39  10:16  Hatchery  
  39  10:18  Hatchery  
  38  10:26  Overlord  
  38  10:30  Baneling x2  
  34  10:58  Zerg Melee Weapons Level 1  
  34  10:59  Zerg Ground Armor Level 1  
  34  11:00  Hive  
  34  11:33  Drone x7  
  34  11:34  Drone  
  42  11:45  Spine Crawler  
  41  12:01  Spore Crawler  
  40  12:06  Extractor  
  39  12:09  Extractor  
  39  12:10  Zergling x12  
  39  12:15  Spore Crawler  
  43  12:35  Zergling x8  
  47  12:42  Zergling x20  
  57  12:49  Ultralisk Cavern  
Show
View Real Time Build Order
Export as new Build Order

JackONeill Zerg - Winner!

Build Orders: 3 Hatch before Pool, Muta Ling Bane 

Get SALT Encoding   

  12  0:01  Drone  
  13  0:08  Drone  
  14  0:16  Overlord  
  14  0:23  Drone, Extractor  
  15  0:35  Drone x2  
  17  0:54  Drone  
  17  0:55  Hatchery  
  17  1:18  Drone  
  17  1:20  Hatchery  
  17  1:32  Spawning Pool  
  17  1:34  Drone  
  17  1:38  Drone  
  18  1:41  Drone  
  19  1:48  Drone  
  20  2:02  Drone  
  21  2:09  Drone x2  
  23  2:19  Drone x2  
  23  2:21  Queen  
  27  2:26  Queen  
  27  2:27  Extractor  
  27  2:28  Extractor  
  27  2:29  Drone  
  28  2:31  Overlord  
  28  2:38  Drone  
  28  2:42  Queen  
  31  2:49  Overlord  
  31  2:52  Drone  
  31  2:53  Drone  
  31  2:55  Drone  
  34  3:00  Drone x2  
  36  3:06  Drone x2  
  36  3:10  Drone  
  39  3:15  Drone x2  
  41  3:22  Overlord  
  41  3:23  Overlord  
  41  3:27  Spore Crawler  
  40  3:28  Drone  
  40  3:32  Metabolic Boost  
  41  3:38  Lair  
  41  3:43  Drone x2  
  41  3:45  Drone  
  41  3:46  Drone  
  45  3:54  Baneling Nest  
  44  4:01  Zergling x8  
  44  4:02  Zergling x4  
  50  4:07  Overlord  
  50  4:14  Drone x3  
  50  4:15  Evolution Chamber  
  52  4:24  Drone, Extractor  
  52  4:25  Drone x3, Extractor  
  52  4:31  Extractor  
  53  4:32  Drone x3  
  53  4:38  Spire  
  55  4:39  Baneling x3  
  55  4:41  Drone x2  
  55  4:42  Drone  
  58  4:50  Spore Crawler  
  57  4:55  Drone x3  
  57  4:56  Drone  
  57  4:57  Drone x2  
  57  4:58  Drone x2  
  65  5:05  Zerg Ground Armor Level 1  
  65  5:10  Drone  
  65  5:11  Drone  
  67  5:15  Infestation Pit  
  67  5:17  Queen  
  67  5:20  Overlord  
  68  5:37  Overlord x2  
  68  5:43  Spore Crawler  
  68  5:47  Overlord x2, Extractor  
  68  5:49  Drone x3  
  69  5:55  Mutalisk x4  
  69  5:56  Mutalisk x3  
  83  6:05  Hive  
  83  6:16  Overlord x2  
  83  6:23  Mutalisk, Zerg Flyer Weapons Level 1  
  83  6:25  Zergling x8  
  87  6:26  Zergling x8  
  93  6:37  Mutalisk x3  
  99  6:46  Mutalisk  
  101  6:56  Mutalisk x2  
  105  7:14  Mutalisk x3  
  111  7:16  Zergling x8  
  111  7:17  Zergling x4  
  117  7:25  Zerg Melee Weapons Level 1  
  117  7:27  Evolution Chamber  
  116  7:31  Drone x2  
  116  7:32  Drone x2  
  116  7:35  Overlord x3  
  116  7:36  Overlord  
  120  7:40  Centrifical Hooks  
  120  7:48  Baneling x3  
  120  7:49  Baneling x5  
  118  8:02  Mutalisk x3  
  118  8:24  Mutalisk x3  
  118  8:25  Mutalisk  
  114  8:34  Zergling x4  
  110  8:43  Mutalisk x3  
  114  8:49  Zergling x10  
  114  8:50  Zergling x2  
  120  9:01  Zergling x6  
  119  9:11  Zergling x2  
  119  9:12  Zergling x4  
  119  9:17  Mutalisk x2  
  119  9:18  Mutalisk x2  
  111  9:36  Zergling x10  
  111  9:37  Zergling x2  
  114  9:45  Mutalisk x6  
  124  10:01  Zerg Flyer Armor Level 1  
  124  10:08  Overlord x2  
  124  10:09  Overlord x3, Mutalisk x2  
  128  10:21  Corruptor x2  
  128  10:23  Overlord x3  
  132  10:37  Zerg Ground Armor Level 2, Zerg Melee Weapons Level 2  
  132  10:39  Adrenal Glands  
  132  10:40  Ultralisk Cavern  
  132  10:41  Drone x2  
  133  10:43  Hatchery, Extractor x2  
  133  10:45  Zergling x2  
  133  10:46  Zergling x12  
  133  10:47  Zergling x2  
  138  10:54  Pathogen Glands  
  138  10:59  Baneling x4  
  138  11:00  Baneling x6  
  138  11:01  Baneling x6  
  138  11:02  Zergling x8  
  138  11:03  Zergling x6  
  145  11:12  Hatchery  
  145  11:14  Drone x3  
  145  11:15  Drone  
  145  11:18  Baneling x7  
  148  11:19  Baneling x6  
  148  11:20  Baneling x2  
  148  11:22  Zergling x8  
  148  11:24  Baneling  
  148  11:25  Baneling x6  
  152  11:26  Chitinous Plating, Baneling x4  
  150  11:51  Mutalisk x3  
  150  11:52  Mutalisk x2  
  141  11:56  Mutalisk x3  
  138  12:08  Mutalisk  
  138  12:09  Mutalisk x4  
  138  12:12  Zergling x2  
  138  12:13  Zergling x10  
  145  12:30  Mutalisk x3  
  145  12:31  Mutalisk  
  153  12:39  Zergling x8  
Show
View Real Time Build Order
Export as new Build Order

Hindulaatti Terran - Winner!

Build Orders: Command Center First (CC) 

Get SALT Encoding   

  12  0:01  SCV  
  13  0:14  SCV  
  14  0:25  Supply Depot  
  14  0:26  SCV  
  15  0:47  SCV  
  16  0:59  SCV  
  16  1:02  Command Center  
  17  1:11  SCV  
  17  1:15  Barracks  
  18  1:25  SCV  
  19  1:34  Refinery  
  19  1:38  Barracks  
  19  1:39  SCV  
  20  1:48  Supply Depot  
  20  1:51  SCV  
  21  1:58  Refinery  
  21  2:07  Orbital Command  
  21  2:18  Orbital Command  
  21  2:24  Reaper  
  22  2:30  Reaper  
  22  2:33  SCV  
  24  2:46  Barracks  
  24  2:56  Reaper  
  24  2:57  SCV x2, Barracks  
  27  3:02  Reaper  
  28  3:09  Refinery  
  28  3:11  Refinery  
  28  3:14  SCV  
  28  3:15  SCV  
  30  3:24  Barracks  
  30  3:27  SCV x2  
  31  3:28  Reaper  
  31  3:33  Reaper  
  34  3:35  Reaper  
  34  3:39  SCV  
  34  3:40  SCV  
  37  3:47  Reaper  
  38  3:55  Barracks  
  38  3:56  Supply Depot  
  38  4:00  SCV, Reaper  
  38  4:01  Supply Depot, SCV  
  41  4:06  Reaper  
  41  4:08  Reaper  
  43  4:12  Reaper  
  43  4:15  SCV  
  45  4:19  Reaper  
  45  4:22  Supply Depot  
  46  4:26  Supply Depot  
  46  4:32  SCV x2, Reaper  
  46  4:38  Reaper  
  50  4:39  Barracks  
  50  4:40  Reaper  
  50  4:44  Reaper  
  52  4:48  Barracks  
  52  4:51  Reaper  
  53  4:54  Reaper  
  53  4:59  SCV x2  
  56  5:05  Reaper  
  57  5:10  Reaper  
  57  5:12  Reaper  
  59  5:16  Reaper  
  60  5:23  Reaper  
  60  5:26  Reaper  
  59  5:31  Reaper  
  59  5:33  SCV x2  
  62  5:36  Reaper  
  62  5:37  Reaper  
  62  5:38  Barracks  
  62  5:42  Reaper  
  65  5:44  Reaper  
  65  5:45  SCV  
  65  5:49  Reaper  
  68  5:56  Reaper  
  68  5:58  Reaper  
  68  6:03  Reaper  
  69  6:05  SCV x2  
  69  6:08  Reaper  
  69  6:09  Reaper  
  73  6:14  Reaper  
  73  6:16  Reaper  
  73  6:17  SCV x2  
  77  6:20  Command Center  
  77  6:21  Reaper  
  77  6:22  Command Center  
  78  6:34  SCV x2, Reaper x2  
  78  6:51  SCV  
  78  6:52  Barracks Tech Lab, Barracks Reactor  
  78  6:53  Barracks Reactor  
  78  6:55  Barracks Tech Lab, Barracks Reactor  
  78  6:56  SCV  
  78  7:01  Supply Depot  
  78  7:03  Barracks Tech Lab, SCV  
  78  7:06  Reaper  
  78  7:07  Barracks Reactor  
  78  7:08  SCV  
  80  7:20  SCV  
  76  7:31  Supply Depot  
  76  7:32  Supply Depot x2  
  76  7:34  Marine  
  76  7:35  Combat Shields, Marine x6  
  76  7:36  Stimpack  
  83  7:38  Concussive Shells  
  83  7:40  Barracks Reactor  
  83  7:45  Factory  
  83  7:46  Orbital Command x2  
  83  7:48  SCV  
  83  7:49  SCV, Barracks, Barracks Reactor  
  83  7:50  Barracks  
  85  7:52  Marine x3  
  85  7:58  Marine  
  88  7:59  Marine x7  
  88  8:00  SCV  
  88  8:01  SCV  
  94  8:10  Marine x3  
  94  8:12  SCV  
  95  8:13  SCV  
  95  8:16  Marine x4  
  95  8:17  Marine x3  
  102  8:24  SCV  
  102  8:25  SCV  
  104  8:31  Marine x8  
  104  8:34  Marine x7  
  95  8:43  Marine  
  95  8:44  Marine  
  95  8:46  Factory Tech Lab  
  88  8:48  Marine  
  88  8:49  Marine x7  
  88  8:50  Starport  
  88  8:51  Marine  
  88  8:52  Refinery, Marine x3  
  88  8:53  Refinery  
  97  9:20  Marine  
  97  9:21  Marine x5  
  97  9:22  Marauder, Barracks Reactor x2  
  97  9:23  Marauder  
  97  9:24  Marauder, Marine  
  106  9:25  Marine x5  
  106  9:27  Starport Reactor  
  106  9:30  Starport  
  111  9:38  Marine x3  
  107  9:39  Marine x3  
  107  9:43  Marauder  
  107  9:44  Marine x6  
  107  9:45  Marauder x2  
  125  9:49  Siege Tank  
  128  9:56  Marine x6  
  134  10:01  Marine  
  134  10:02  Marine x4  
  134  10:04  Orbital Command, Marauder  
  134  10:05  Marine  
  134  10:06  Marauder, Marine x4  
  148  10:10  Supply Depot  
  148  10:11  Marauder, Supply Depot  
  148  10:13  Supply Depot  
  148  10:14  Marine x4  
  151  10:15  Supply Depot  
  151  10:17  Marine  
  151  10:18  Marine  
  151  10:19  Marine  
  151  10:20  Marine x3  
  160  10:23  Medivac  
  160  10:24  Medivac, Starport Reactor  
  164  10:32  Marauder x3  
  170  10:44  Marine x3  
  170  10:45  Marine x13  
  186  10:53  Marauder  
  188  10:58  SCV x2  
  188  10:59  SCV x2  
  192  11:06  Medivac x2  
  196  11:13  Refinery  
  196  11:14  Refinery  
  196  11:26  Marine  
  196  11:28  Medivac, Engineering Bay, SCV  
  196  11:29  Medivac  
  196  11:30  Engineering Bay  
  196  11:31  Siege Tank  
  188  11:39  Medivac x2  
  190  11:43  Marine  
  190  11:44  Marine  
  190  11:45  Marine x2  
  188  11:55  Marine  
  188  11:56  Marine x7  
  196  12:03  Medivac, Marine x2  
  196  12:04  Medivac  
Show
View Real Time Build Order
Export as new Build Order

machfertig Zerg 

Build Orders: Hatch First 

Get SALT Encoding   

  12  0:01  Drone  
  13  0:13  Overlord  
  13  0:18  Drone  
  14  0:33  Drone x2  
  16  0:37  Drone  
  17  0:52  Drone  
  18  1:00  Hatchery  
  17  1:08  Extractor  
  16  1:15  Spawning Pool  
  16  1:17  Drone  
  16  1:18  Drone  
  17  1:33  Drone x2  
  19  1:44  Overlord  
  19  1:54  Drone  
  20  2:01  Queen  
  20  2:04  Zergling x2  
  23  2:10  Metabolic Boost  
  23  2:12  Queen  
  23  2:14  Drone  
  27  2:30  Drone  
  27  2:31  Drone  
  27  2:32  Drone  
  29  2:37  Zergling x2  
  29  2:41  Drone  
  31  2:46  Drone  
  32  2:53  Roach Warren  
  32  2:54  Drone  
  32  2:58  Overlord  
  32  3:06  Drone x2  
  32  3:10  Overlord  
  34  3:16  Drone  
  34  3:19  Drone  
  36  3:25  Lair  
  36  3:42  Drone  
  36  3:43  Drone  
  36  3:44  Extractor  
  39  3:48  Roach  
  39  3:49  Roach x2  
  39  3:54  Spore Crawler  
  39  3:55  Drone  
  43  3:59  Roach  
  43  4:02  Drone  
  46  4:07  Drone x3, Extractor  
  48  4:11  Overlord  
  49  4:17  Drone  
  49  4:20  Drone x2  
  51  4:27  Evolution Chamber  
  51  4:28  Drone  
  51  4:29  Drone, Evolution Chamber  
  51  4:36  Roach x3  
  57  4:38  Glial Reconstitution  
  57  4:48  Zergling x2, Roach  
  57  4:49  Overlord  
  58  4:53  Roach  
  58  4:54  Zerg Missile Weapons Level 1  
  58  5:01  Extractor  
  58  5:02  Drone, Overlord  
  58  5:08  Roach x2  
  62  5:16  Ravager  
  62  5:18  Overlord x2  
  63  5:33  Hatchery  
  63  5:35  Roach  
  64  5:46  Hatchery  
  62  5:53  Roach x2  
  62  5:54  Roach x3  
  62  5:56  Zerg Ground Armor Level 1  
  71  6:01  Drone x2, Hydralisk Den  
  71  6:03  Overlord  
  72  6:08  Overseer  
  72  6:18  Roach x3  
  78  6:21  Drone  
  78  6:23  Overlord  
  79  6:26  Roach x2  
  83  6:37  Roach x5  
  83  6:38  Roach  
  81  6:50  Hydralisk  
  81  6:51  Spore Crawler  
  81  6:52  Hydralisk  
  84  6:56  Spore Crawler  
  83  7:03  Pneumatized Carapace  
  83  7:11  Drone x3  
  78  7:27  Roach x4  
  78  7:29  Drone x2  
  85  7:31  Roach x2  
  85  7:32  Roach  
  85  7:35  Zerg Missile Weapons Level 2  
  91  7:41  Overseer  
  91  7:58  Hydralisk x3  
  91  7:59  Queen  
  99  8:06  Roach x5  
  109  8:18  Hydralisk  
  109  8:19  Hydralisk  
  106  8:32  Hydralisk x4  
  95  8:44  Drone x3, Spore Crawler  
  95  8:45  Spore Crawler  
  86  8:49  Drone  
  85  9:03  Overlord x3  
  85  9:04  Overlord  
  83  9:13  Hydralisk x2  
  83  9:14  Hydralisk x2  
  57  9:27  Drone  
  57  9:31  Drone x3  
  57  9:33  Hydralisk x2  
  61  9:42  Hydralisk x3  
  67  9:49  Hydralisk x2  
  71  9:55  Hydralisk x2  
  75  10:06  Extractor  
  74  10:13  Roach  
  74  10:14  Roach x4  
  84  10:37  Spine Crawler  
  83  10:47  Lurker Den  
  83  10:52  Drone x2  
  83  10:55  Extractor  
  84  10:58  Hatchery  
  84  11:02  Hydralisk x3  
  84  11:03  Hydralisk x2  
  93  11:08  Drone  
  93  11:10  Drone x3  
  97  11:22  Roach x4  
  91  11:37  Hydralisk x4  
  61  11:56  Hydralisk x3  
  61  11:59  Hydralisk  
  65  12:07  Roach x2  
  65  12:08  Roach  
  61  12:20  Roach x2  
  61  12:21  Roach x2  
  67  12:36  Hydralisk x2  
  71  12:42  Drone x2  
Show
View Real Time Build Order
Export as new Build Order

Azatoss Protoss 

Build Orders: 1 Gate Expand 

Get SALT Encoding   

  12  0:01  Probe (Chrono Boost)  
  13  0:11  Probe (Chrono Boost)  
  14  0:17  Pylon  
  14  0:22  Probe (Chrono Boost)  
  16  0:35  Probe (Chrono Boost)  
  16  0:38  Gateway  
  16  0:46  Probe (Chrono Boost)  
  17  0:55  Assimilator  
  17  0:56  Probe (Chrono Boost)  
  18  1:07  Probe (Chrono Boost)  
  18  1:25  Nexus  
  18  1:35  Cybernetics Core  
  18  1:38  Probe (Chrono Boost)  
  19  1:47  Assimilator  
  19  1:49  Probe (Chrono Boost)  
  20  1:55  Pylon  
  20  2:00  Probe (Chrono Boost)  
  21  2:07  Zealot  
  23  2:14  Mothership Core (Chrono Boost)  
  25  2:16  Warp Gate (Chrono Boost)  
  25  2:26  Gateway  
  25  2:34  Probe  
  25  2:35  Probe  
  27  2:46  Probe x2  
  27  2:49  Stalker  
  31  3:01  Robotics Facility  
  31  3:05  Probe  
  31  3:08  Probe  
  33  3:13  Pylon  
  33  3:16  Probe  
  34  3:21  Probe  
  35  3:33  Probe  
  36  3:38  Gateway  
  36  3:42  Pylon  
  36  3:45  Probe  
  38  3:48  Observer (Chrono Boost)  
  38  4:00  Robotics Bay  
  38  4:02  Probe  
  38  4:03  Probe  
  38  4:07  Assimilator  
  40  4:10  Assimilator  
  40  4:11  Pylon  
  40  4:13  Probe  
  41  4:17  Gateway  
  41  4:24  Probe  
  42  4:34  Probe  
  42  4:37  Probe  
  44  4:40  Stalker x2  
  44  4:45  Probe  
  48  4:46  Stalker  
  48  4:49  Probe  
  52  4:55  Probe  
  53  5:01  Probe  
  53  5:03  Disruptor (Chrono Boost)  
  55  5:07  Probe  
  55  5:12  Forge x2  
  56  5:17  Probe  
  56  5:18  Stalker x2  
  61  5:32  Stalker x2  
  65  5:39  Probe  
  66  5:47  Pylon  
  66  5:50  Probe  
  66  5:51  Pylon  
  66  5:54  Stalker  
  69  5:59  Protoss Ground Weapons Level 1 (Chrono Boost)  
  69  6:01  Probe  
  70  6:07  Stalker x3  
  70  6:09  Protoss Ground Armor Level 1 (Chrono Boost)  
  76  6:14  Pylon  
  76  6:17  Disruptor (Chrono Boost)  
  79  6:23  Twilight Council  
  79  6:33  Pylon  
  71  6:44  Stalker x3  
  71  6:45  Stalker  
  79  6:55  Disruptor (Chrono Boost)  
  79  7:00  Photon Cannon  
  82  7:02  Gateway  
  82  7:04  Blink (Chrono Boost), Gateway  
  82  7:12  Photon Cannon  
  82  7:15  Photon Cannon  
  82  7:26  Robotics Facility  
  82  7:27  Disruptor (Chrono Boost)  
  85  7:37  Photon Cannon  
  85  7:57  Gateway x2  
  65  8:26  Stalker x4  
  73  8:48  Disruptor (Chrono Boost)  
  69  9:04  Warp Prism (Chrono Boost)  
  60  9:23  Disruptor (Chrono Boost)  
  59  9:33  Probe  
  60  9:45  Probe  
  61  9:46  Pylon  
  61  9:48  Pylon, Nexus  
  61  9:50  Pylon  
  61  9:51  Pylon x2  
  61  9:54  Disruptor (Chrono Boost)  
  61  9:55  Assimilator  
  61  9:57  Assimilator, Probe  
  61  9:59  Stalker x2  
  69  10:00  Stalker x2  
  73  10:18  Disruptor (Chrono Boost)  
  73  10:20  Stalker  
  73  10:21  Stalker x3  
  82  10:25  Disruptor (Chrono Boost)  
  82  10:26  Photon Cannon  
  87  10:33  Adept x2  
  87  10:34  Adept x2  
  94  10:53  Stalker x5  
  104  11:00  Probe  
  105  11:05  Probe  
  105  11:07  Probe  
  105  11:10  Probe  
  107  11:15  Stalker  
  107  11:16  Stalker  
  107  11:17  Probe  
  113  11:21  Probe  
  114  11:29  Probe  
  59  12:16  Stalker x6  
  59  12:17  Stalker x2  
  64  12:39  Stalker  
  64  12:40  Adept  
  64  12:41  Adept x4  
Show
View Real Time Build Order
Export as new Build Order

eepsmann Terran 

Build Orders: Command Center First (CC) 

Get SALT Encoding   

  12  0:01  SCV  
  13  0:13  SCV  
  14  0:21  Supply Depot  
  14  0:25  SCV  
  15  0:43  SCV  
  16  1:02  SCV  
  17  1:04  Command Center  
  17  1:14  SCV  
  18  1:18  Barracks  
  18  1:26  SCV  
  19  1:36  Barracks  
  19  1:38  SCV  
  20  1:51  SCV  
  21  1:58  Barracks  
  21  2:05  Orbital Command  
  21  2:06  Marine  
  22  2:24  Marine x2  
  24  2:33  SCV  
  25  2:38  Orbital Command  
  25  2:42  Marine x2  
  27  2:46  SCV  
  28  3:00  Command Center  
  28  3:04  SCV  
  29  3:07  SCV  
  29  3:08  Marine x2  
  29  3:09  Marine  
  33  3:18  SCV  
  34  3:22  Refinery  
  34  3:23  Supply Depot  
  34  3:24  Refinery, SCV  
  34  3:26  Marine x2  
  37  3:27  Marine  
  38  3:44  SCV x2  
  38  3:46  Marine x2  
  42  3:50  Bunker  
  42  3:56  SCV  
  42  3:57  SCV  
  44  4:09  SCV x2  
  46  4:10  Barracks Tech Lab, Refinery  
  46  4:11  Barracks Reactor  
  46  4:16  Engineering Bay  
  46  4:19  Engineering Bay  
  46  4:21  SCV x2  
  46  4:23  Barracks  
  49  4:26  Barracks  
  49  4:29  Orbital Command  
  48  4:33  SCV x2  
  50  4:45  SCV  
  44  4:57  Marine x2, SCV  
  46  5:10  Stimpack  
  46  5:13  Marine x2  
  48  5:14  Factory, Marine x2  
  48  5:16  Barracks Tech Lab, Barracks Reactor  
  48  5:19  Terran Infantry Armor Level 1, Terran Infantry Weapons Level 1  
  50  5:21  SCV x3  
  53  5:31  Marine  
  53  5:32  Marine x2  
  53  5:33  Marine  
  57  5:49  Marine  
  58  5:50  Marine x3  
  61  5:57  Supply Depot  
  61  5:59  Supply Depot  
  61  6:02  Supply Depot  
  61  6:05  Armory  
  61  6:06  Factory Reactor  
  61  6:08  Starport  
  61  6:15  Refinery  
  61  6:16  Refinery  
  61  6:19  Marine x6, SCV x2  
  61  6:20  Marine, SCV  
  61  6:21  Refinery  
  61  6:22  Supply Depot  
  71  6:31  SCV  
  71  6:32  Supply Depot, SCV  
  73  6:36  Marine x3  
  73  6:37  Marauder x2  
  80  6:44  SCV  
  73  6:57  SCV  
  73  7:00  Missile Turret x2  
  74  7:01  Missile Turret  
  74  7:05  Missile Turret  
  74  7:08  Missile Turret  
  74  7:10  Missile Turret x2  
  74  7:13  Hi-Sec Auto Tracking, Marine x6, Building Armor  
  80  7:18  Missile Turret  
  80  7:20  Missile Turret  
  80  7:22  Marine  
  81  7:24  Missile Turret  
  81  7:29  Missile Turret  
  81  7:31  Marine x2  
  81  7:32  Starport, Marauder  
  81  7:33  Missile Turret  
  81  7:34  Marine  
  81  7:35  Missile Turret, Marine  
  87  7:41  SCV x2  
  87  7:42  SCV, Factory Tech Lab  
  90  7:48  Marine  
  91  7:52  Marine  
  91  7:53  Marine, SCV  
  91  7:54  SCV x2  
  93  8:06  SCV  
  93  8:10  Marine x4  
  93  8:12  Liberator, Marine  
  93  8:17  Marauder  
  92  8:28  Terran Vehicle And Ship Armor Level 1  
  92  8:29  Medivac x2  
  92  8:31  Marauder  
  101  8:50  Thor  
  101  8:51  Marine x3  
  101  8:53  Marine  
  101  8:54  Marine x2  
  101  8:55  Terran Infantry Weapons Level 2, Terran Infantry Armor Level 2  
  113  8:59  Medivac, Barracks  
  113  9:01  Barracks  
  115  9:04  Barracks  
  115  9:09  Marine x2  
  117  9:19  Medivac, Marine x4  
  123  9:27  Marine x2  
  123  9:29  Medivac  
  121  9:37  Marine  
  96  9:44  Marine x3  
  96  9:45  Marine x2  
  82  9:49  Medivac  
  80  9:54  Marine  
  80  9:58  Starport Reactor  
  80  9:59  Medivac  
  80  10:02  Marine x4  
  80  10:03  Marauder  
  86  10:08  Barracks Reactor x2  
  86  10:11  Liberator  
  86  10:13  Marauder  
  88  10:18  SCV x3  
  88  10:19  Medivac, Barracks Reactor  
  88  10:20  Marine x4  
  97  10:24  Marine  
  98  10:30  SCV x3  
  98  10:32  Liberator  
  98  10:34  Marine  
  105  10:36  Command Center  
  105  10:38  Marine x3  
  108  10:45  Medivac x2  
  108  10:48  Marine x3  
  108  10:49  Marine x3  
  121  10:52  Marine  
  122  11:00  Marine x3  
  125  11:07  Marauder  
  127  11:11  Medivac  
  127  11:13  Supply Depot  
  127  11:15  Medivac  
  127  11:16  Supply Depot  
  127  11:17  Supply Depot  
  131  11:20  Supply Depot  
  127  11:36  Supply Depot, Marine x4  
  127  11:37  Marine x5  
  127  11:38  Marauder, Marine  
  127  11:39  Supply Depot  
  81  11:59  Marine x7  
  81  12:00  Marauder, Marine  
  72  12:16  Marine  
  72  12:17  Marine x6  
  72  12:18  Marine  
  72  12:21  Marine  
  65  12:34  Marine x3  
  65  12:35  Marine x5  
  73  12:39  Marine  
Tags
 
Add a new tag
Caveats
  • Supply blocks, unpowered buildings, or Contaminate may cause inaccurate times.
  • Supply counts are checked every 10 seconds.